 Dungeon Crawl Stone Soup version 0.30-a0-918-g0ff054e9dc (webtiles) character file.

Game seed: 17639086208036964376

501 pokeman the Magician (level 6, -8/34 HPs)
             Began as a Deep Elf Hedge Wizard on Mar 20, 2023.
             Mangled by Duvessa
             ... wielding a +6 short sword of protection
              (11 damage)
             ... on level 5 of the Dungeon.
             The game lasted 00:07:17 (5084 turns).

pokeman the Magician (Deep Elf Hedge Wizard)        Turns: 5084, Time: 00:07:18

Health: -8/34      AC:  3    Str:  7    XL:     6   Next: 95%
Magic:  13/18      EV: 13    Int: 21    God:
Gold:   213        SH:  0    Dex: 14    Spells: 11/19 levels left

rFire   . . .      SeeInvis .    k - +8 flail of Eternal Vigilance {elec, rElec rC++ Will- Stlth+}
rCold   + + .      Faith    .    (no shield)
rNeg    . . .      Spirit   .    b - +0 robe
rPois   .          Reflect  .    c - +0 hat
rElec   +          Rampage  .    t - +0 cloak
rCorr   .                        (no gloves)
Will    .....                    (no boots)
Stlth   +                        (no amulet)
HPRegen 0.25/turn                (no ring)
MPRegen 0.16/turn                (no ring)

@: confused, lit by a corona, glowing
A: no striking features
a: no special abilities


You were on level 5 of the Dungeon.
You visited 1 branch of the dungeon, and saw 5 of its levels.

You collected 213 gold pieces.

Inventory:

Hand Weapons
 k - the +8 flail of Eternal Vigilance (weapon) {elec, rElec rC++ Will- Stlth+}
   (You found it on level 2 of the Dungeon)

   rC:        It greatly protects you from cold.
   rElec:     It insulates you from electricity.
   Will:      It decreases your willpower.
   Stlth:     It makes you more stealthy.
Missiles
 a - 4 throwing nets
Armour
 b - a +0 robe (worn)
 c - a +0 hat (worn)
 t - a +0 cloak (worn)
Magical Staves
 g - a staff of poison
Jewellery
 j - a ring of flight
Wands
 u - a wand of acid (13)
Scrolls
 f - a scroll of blinking {unknown}
 i - 2 scrolls of poison {unknown}
 l - a scroll of identify {unknown}
 o - 2 scrolls of brand weapon {unknown}
 p - a scroll of teleportation {unknown}
 r - a scroll of immolation {unknown}
 s - a scroll of magic mapping {unknown}
Potions
 d - a potion of magic
 e - 2 potions of mutation {unknown}
 h - 2 potions of curing {unknown}
 m - 2 potions of heal wounds {unknown}
 n - 2 potions of might {unknown}
 q - a potion of brilliance {unknown}


   Skills:
 + Level 1.6 Fighting
 - Level 1.2 Armour
 - Level 3.1 Dodging
 - Level 3.0 Stealth
 * Level 7.4 Spellcasting
 + Level 3.5 Conjurations
 + Level 1.6 Summonings
 - Level 1.1 Translocations
 - Level 1.2 Air Magic
 - Level 1.0 Poison Magic
 - Level 1.1 Evocations


You had 11 spell levels left.
You knew the following spells:

 Your Spells              Type           Power      Damage    Failure   Level
a - Magic Dart            Conj           88%        1d7       1%          1
b - Mephitic Cloud        Conj/Pois/Air  16%        N/A       12%         3
c - Call Imp              Summ           14%        N/A       7%          2
d - Blink                 Tloc           24%        N/A       9%          2

Your spell library contained the following spells:

 Spells                   Type           Power      Damage    Failure   Level
 Slow                     Hex            28%        N/A       9%          1
 Cigotuvi's Dreadful Rot  Necr/Pois/Air  22%        N/A       10%         2
 Dazzling Flash           Conj/Hex       30%        N/A       12%         3
 Silence                  Hex/Air        5%         N/A       87%         5
 Agony                    Necr           7%         N/A       93%         5


Dungeon Overview and Level Annotations

Branches:
Dungeon (5/15)
 Temple: D:4-7

Altars:

Annotations:
D:5 Dowan, Duvessa


Message History

Dowan is moderately wounded.
Casting: Mephitic Cloud (quite dangerous; 12% risk of failure)
Confirm with . or Enter, or press ? or * to list all spells.
The spell is quite dangerous to miscast (12% risk of failure)!
Continue anyway?
Aiming: Mephitic Cloud (quite dangerous; 12% risk of failure)
Press: ? - help, Shift-Dir - straight line, f/p - Dowan
Aim: Dowan, wielding a +2 dagger of freezing and wearing a +0 robe (moderately wounded, chance to affect: 86%) That beam is likely to hit you.
Continue anyway?
The ball explodes into a vile cloud!
The stinking cloud engulfs Duvessa but does no damage.
The stinking cloud engulfs you but does no damage.
The stinking cloud engulfs Dowan but does no damage.
Dowan is moderately wounded.
You are engulfed in noxious fumes.
You choke on the stench!
You are confused.
Dowan says, "Magic and the sword, together, will defeat you."
Duvessa is engulfed in noxious fumes.
Duvessa appears confused.
Duvessa misses Dowan.
Unknown command.
Unknown command.
You bump into the rock wall.
You are engulfed in noxious fumes.
You choke on the stench!
You are more confused.
Duvessa is engulfed in noxious fumes.
Duvessa appears confused.
Duvessa hits you with a +6 short sword of protection!
Unknown command.
Duvessa is engulfed in noxious fumes.
Duvessa appears confused.
Dowan says, "Stay away from my face!"
Duvessa is engulfed in noxious fumes.
Duvessa hits you with a +6 short sword of protection!
Unknown command.
Duvessa is engulfed in noxious fumes.
Duvessa appears confused.
Duvessa closely misses Dowan.
Unknown command.
Duvessa is engulfed in noxious fumes.
Duvessa hits you with a +6 short sword of protection!
* * * LOW HITPOINT WARNING * * *
Duvessa is engulfed in noxious fumes.
Duvessa appears confused.
Duvessa hits you with a +6 short sword of protection!
You die... #.###########.# #.....<@ee..# #.###########.#

You could see Duvessa (fast, confused) and Dowan.

Vanquished Creatures
  An ogre (D:4)
  A phantom (D:4)
  An orc priest (D:2)
  3 iguanas (D:4)
  11 gnolls
  2 adders
  A worm (D:3)
  4 dart slugs
  3 orcs
  5 ball pythons
  7 bats
  11 endoplasms
  3 giant cockroaches (D:1)
  9 goblins
  7 hobgoblins
  2 jackals (D:4)
  2 quokkas
  3 frilled lizards
  5 kobolds
  5 rats
86 creatures vanquished.

Vanquished Creatures (collateral kills)
  An adder (D:2)
  A worm (D:2)
  2 orcs (D:2)
  An endoplasm (D:2)
5 creatures vanquished.

Grand Total: 91 creatures vanquished

Notes
Turn   | Place    | Note
-------+----------+-------------------------------------------
     0 | D:1      | pokeman the Deep Elf Hedge Wizard began the quest for the
                  | Orb.
     0 | D:1      | Reached XP level 1. HP: 10/10 MP: 7/7
   347 | D:1      | Reached XP level 2. HP: 16/16 MP: 0/9
   813 | D:1      | Reached skill level 5 in Spellcasting
   999 | D:1      | Reached XP level 3. HP: 18/20 MP: 6/11
  1003 | D:1      | Learned a level 3 spell: Mephitic Cloud
  1006 | D:1      | Learned a level 2 spell: Call Imp
  1009 | D:1      | Learned a level 2 spell: Blink
  1616 | D:2      | Identified the +8 flail of Eternal Vigilance {elec, rElec
                  | rC++ Will- Stlth+}
  1644 | D:2      | Reached skill level 1 in Fighting
  1649 | D:2      | Reached skill level 1 in Armour
  1654 | D:2      | Reached XP level 4. HP: 25/25 MP: 1/13
  2114 | D:2      | Reached skill level 6 in Spellcasting
  2114 | D:2      | Reached XP level 5. HP: 24/29 MP: 5/15
  4143 | D:4      | Reached XP level 6. HP: 34/34 MP: 9/17
  4332 | D:4      | Reached skill level 1 in Poison Magic
  4332 | D:4      | Reached skill level 1 in Evocations
  4624 | D:4      | Reached skill level 7 in Spellcasting
  4624 | D:4      | Reached skill level 1 in Air Magic
  5075 | D:5      | Entered Level 5 of the Dungeon
  5075 | D:5      | Noticed Duvessa
  5075 | D:5      | Noticed Dowan
  5084 | D:5      | Mangled by Duvessa

Illustrated notes

Levels and vault maps discovered:
D:1:      scummos_arrival_star, layout_basic
D:2:      layout_loops_corners, hex_large
D:3:      layout_basic, kennysheep_generic_room_9
D:4:      layout_loops_ring
D:5:      kennysheep_slugbush, layout_loops_ring, uniq_duvessa,
          uniq_prince_ribbit1

Skill      XL: |  1  2  3  4  5  6 |
---------------+-------------------+-----
Spellcasting   | 5 6 7 |  7.4
Fighting       | 1 |  1.6
Armour         | 1 |  1.2
Conjurations   | 2 3 |  3.5
Dodging        | 3 |  3.1
Stealth        | 3 |  3.0
Poison Magic   | 1 |  1.0
Evocations     | 1 |  1.1
Air Magic      | 1 |  1.2
Summonings     | |  1.6
Translocations | |  1.1

Action                     |  1- 3 |  4- 6 || total
---------------------------+-------+-------++-------
  Melee: Dagger            |    31 |       ||    31
         Flail             |     1 |    33 ||    34
   Cast: Magic Dart        |    90 |    83 ||   173
         Mephitic Cloud    |     3 |    14 ||    17
         Call Imp          |     2 |     2 ||     4
         Blink             |     1 |       ||     1
   Stab: Confused          |       |     3 ||     3
 Armour: Robe              |     5 |     1 ||     6
  Dodge: Dodged            |    42 |    16 ||    58

Table legend: (Time is in decaauts)
 A = Elapsed time spent in this place.
 B = Non-inter-level travel time spent in this place.
 C = Inter-level travel time spent in this place.
 D = Time resting spent in this place.
 E = Time spent auto-exploring this place.
 F = Levels seen in this place.
 G = Mean time per level.
                   A        B        C        D        E       F      G
               +--------+--------+--------+--------+--------+-----+--------+
         Total |   5096 |   4916 |    180 |     56 |   4273 |   5 | 1019.2 |
       Dungeon |   5096 |   4916 |    180 |     56 |   4273 |   5 | 1019.2 |
               +--------+--------+--------+--------+--------+-----+--------+

Top non-repeatable levels by time:
     D:3: 1444 daAuts
     D:2: 1355 daAuts
     D:1: 1311 daAuts
     D:4: 975 daAuts
     D:5: 9 daAuts
